 Dungeon Crawl Stone Soup version 0.24-a0-226-gca05e9d (webtiles) character file.

Game seed: 17905753305177882263

249006 Inarius the Wrestler (level 19, -2/144 HPs)
             Began as a Demonspawn Abyssal Knight on Mar 30, 2019.
             Was the Champion of Lugonu.
             Shot with an arrow by a deep elf archer (14 damage)
             ... led by an ironheart preserver
             ... on level 1 of the Vaults on Mar 31, 2019.
             The game lasted 02:34:56 (56923 turns).

Inarius the Wrestler (Demonspawn Abyssal Knight)   Turns: 56923, Time: 02:34:57

Health: -2/144     AC: 28    Str: 22    XL:     19   Next: 26%
Magic:  28/28      EV: 11    Int: 17    God:    Lugonu [******]
Gold:   1267       SH: 20    Dex: 23    Spells: 18/18 levels left

rFire    . . .     SeeInvis .     - Unarmed
rCold    . . .     Gourm    .   B - +1 shield {reflect}
rNeg     . . .     Faith    .   T - +1 chain mail {MR+}
rPois    +         Spirit   .   y - +2 helmet {Int+3}
rElec    +         Reflect  +   t - +2 cloak {MR+}
rCorr    +         Harm     .   (gloves unavailable)
MR       +++..                  u - +0 pair of boots of Listlessness {rPois rCorr Str+2 Stlth-}
Stlth    ..........             v - +6 amulet of reflection
HPRegen  0.34/turn              Z - ring "Axziptiz" {AC+3 Str+2 Dex+4 Slay+3}
MPRegen  0.21/turn              L - +4 ring of dexterity

@: slowed, very slow
A: claws 3, thin metallic scales 3, demonic guardian 1, foul stench 1,
augmentation 1, rot immunity
}: 1/15 runes: barnacled
a: Depart the Abyss, Bend Space, Banish, Corrupt, Enter the Abyss, Renounce
Religion


You were on level 1 of the Vaults.
You worshipped Lugonu.
Lugonu was exalted by your worship.
You were not hungry.

You visited 7 branches of the dungeon, and saw 33 of its levels.
You visited the Abyss 2 times.
You also visited: Ossuary, Ice Cave and Volcano.

You collected 4369 gold pieces.
You spent 3102 gold pieces at shops.

Inventory:

Hand Weapons
 K - a +9 broad axe of distortion
Missiles
 e - 4 throwing nets
 F - 10 javelins
 H - 5 poisoned javelins (quivered)
Armour
 t - a +2 cloak of magic resistance (worn)
 u - the +0 pair of boots of Listlessness (worn) {rPois rCorr Str+2 Stlth-}
   (You found it in a volcano)

   It affects your strength (+2).
   It protects you from poison.
   It provides partial protection from all sources of acid and corrosion.
   It makes you less stealthy.
 y - a +2 helmet of intelligence (worn)
 B - a +1 shield of reflection (worn)
 O - a +2 plate armour of fire resistance
 T - a +1 chain mail of magic resistance (worn)
Jewellery
 v - a +6 amulet of reflection (around neck)
 D - an uncursed ring of ice
 L - a +4 ring of dexterity (right claw)
 S - a +2 ring of strength
 X - an uncursed amulet of regeneration
 Z - the ring "Axziptiz" (left claw) {AC+3 Str+2 Dex+4 Slay+3}
   (You acquired it on level 1 of the Elven Halls)

   [ring of protection]

   It affects your AC (+3).
   It affects your strength (+2).
   It affects your dexterity (+4).
   It affects your accuracy and damage with ranged weapons and melee attacks
   (+3).
Wands
 i - a wand of paralysis (5)
 C - a wand of flame (13)
 E - a wand of acid (8)
 V - a wand of disintegration (8)
 Y - a wand of clouds (5)
Scrolls
 a - 5 scrolls of identify
 g - 21 scrolls of remove curse
 h - 14 scrolls of teleportation
 l - 2 scrolls of summoning
 q - 2 scrolls of enchant armour
 x - 5 scrolls of blinking
 I - 10 scrolls of immolation
 J - 9 scrolls of fog
 N - 4 scrolls of fear
 P - 2 scrolls of noise
 W - 4 scrolls of magic mapping
Potions
 b - a potion of resistance
 d - 5 potions of might
 f - 2 potions of invisibility
 j - 7 potions of lignification
 k - 10 potions of mutation
 n - 5 potions of berserk rage
 o - 7 potions of agility
 r - 6 potions of curing
 s - 3 potions of cancellation
 w - 2 potions of magic
 z - 3 potions of haste
 A - a potion of flight
 M - 4 potions of heal wounds
 Q - a potion of ambrosia
Miscellaneous
 p - a box of beasts
 G - a fan of gales
 R - a lamp of fire
 U - a phial of floods
Comestibles
 c - 28 rations
 m - 7 chunks of flesh


   Skills:
 * Level 11.4 Fighting
 - Level 3.2 Axes
 + Level 10.3 Armour
 + Level 5.5 Dodging
 - Level 0.1 Stealth
 + Level 10.5 Shields
 * Level 22.1 Unarmed Combat
 * Level 12.5 Invocations
 - Level 10.5 Evocations


You had 18 spell levels left.
You didn't know any spells.
Your spell library contained the following spells:

 Spells                   Type           Power        Failure   Level  Hunger
 Beastly Appendage        Tmut           #.....       94%         1    ##.....
 Shock                    Conj/Air       #...         94%         1    ##.....
 Summon Small Mammal      Summ           #...         94%         1    ##.....
 Call Imp                 Summ           #.......     98%         2    ###....
 Sticks to Snakes         Tmut           #.......     98%         2    ###....
 Swiftness                Chrm/Air       #.......     98%         2    ###....
 Call Canine Familiar     Summ           #.......     100%        3    ####...
 Conjure Flame            Conj/Fire      #.......     100%        3    ####...
 Ignite Poison            Fire/Tmut/Pois #.......     100%        3    ####...
 Recall                   Summ/Tloc      N/A          100%        3    ####...
 Spider Form              Tmut/Pois      #.........   100%        3    ####...
 Static Discharge         Conj/Air       #.......     100%        3    ####...
 Summon Guardian Golem    Hex/Summ       #.......     100%        3    ####...
 Airstrike                Air            #.........   100%        4    #####..
 Ice Form                 Ice/Tmut       #.......     100%        4    #####..
 Summon Ice Beast         Ice/Summ       #.......     100%        4    #####..
 Summon Lightning Spire   Summ/Air       #.......     100%        4    #####..
 Alistair's Intoxication  Tmut/Pois      #.......     100%        5    ######.
 Blade Hands              Tmut           #.........   100%        5    ######.
 Irradiate                Conj/Tmut      #.........   100%        5    ######.
 Lightning Bolt           Conj/Air       #.........   100%        5    ######.
 Metabolic Englaciation   Hex/Ice        #.........   100%        5    ######.
 Silence                  Hex/Air        #.........   100%        5    ######.
 Bolt of Cold             Conj/Ice       #.........   100%        6    #######
 Freezing Cloud           Conj/Ice/Air   #.........   100%        6    #######
 Hydra Form               Tmut           #.........   100%        6    #######
 Ozocubu's Refrigeration  Ice            #.........   100%        6    #######
 Simulacrum               Ice/Necr       #.........   100%        6    #######
 Statue Form              Tmut/Erth      #........    100%        6    #######
 Dragon Form              Tmut           #.........   100%        7    #######


Dungeon Overview and Level Annotations

Branches:
Dungeon (15/15)            Temple (0/1) D:7            Lair (6/6) D:10
 Shoals (4/4) Lair:4       Spider (3/4) Lair:4        Slime (0/5) Lair:5
    Orc (2/2) D:10            Elf (2/3) Orc:2        Vaults (1/5) D:14
 Depths (0/5) D:15

Altars:
Ashenzari
Cheibriados
Elyvilon
Fedhas
Gozag
Makhleb
Nemelex Xobeh
Ru
Vehumet
Xom
Zin
Beogh

Shops:
D:6 !   D:12 ([[!*:   Orc:2 [%*[=

Portals:
Hell: Lair:6

Annotations:
D:8 1 runed translucent door, Ratty's ghost, novice MiMo
D:15 1 runed translucent door, VLARC's ghost, adept VSMo
Lair:1 exclusion: 2 oklob plants
Lair:2 Zuunur's ghost, journeyman SpEn
Lair:3 exclusion: oklob plant
Elf:2 Asterion


Innate Abilities, Weirdness & Mutations

You have claws for hands.
You are completely covered in thin metallic scales. (AC +4, rElec)
A weak demonic guardian rushes to your aid.
You may emit foul miasma when damaged in melee.
Your magical and physical power is slightly enhanced at high health.
You are immune to rotting.


Message History

The soul eater disappears in a puff of smoke!
The ironheart preserver hits you with a +0 morningstar!
The deep elf archer shoots an arrow.
You reflect the arrow off your +1 shield of reflection!
The arrow is repelled.
The deep elf archer shoots an arrow.
The arrow hits you!
* * * LOW HITPOINT WARNING * * *
Unknown command.
Unknown command.
You barely miss the ironheart preserver.
The ironheart preserver is heavily wounded.
The ironheart preserver hits you with a +0 morningstar!
* * * LOW HITPOINT WARNING * * *
You emit a cloud of foul miasma!
The deep elf archer shoots an arrow.
The arrow hits you!
* * * LOW HITPOINT WARNING * * *
x2 Your quasit bites the ironheart preserver but does no damage.
Your quasit barely misses the ironheart preserver.
Your quasit claws the ironheart preserver but does no damage.
The deep elf archer shoots an arrow.
The arrow hits you!
You die...

#.........#
#e........#
#....§§§§☼#
#....§°§§§#
#.....§§§(#
#.....§§§.#
#.....)5§.#
#......§p)#
#......§@.#
#.........#
#^........#
#.........#
#......e..#
#.........#
#.........###
#.....(......
#............


You could see an ironheart preserver, 2 deep elf archers and a friendly quasit.

Vanquished Creatures
  A deep elf blademaster (Elf:2)
  4 deep elf sorcerers
  4 vault wardens (Vaults:1)
  2 ghost moths
  4 orc warlords
  3 emperor scorpions
  An entropy weaver (Lair:4)
  3 ironheart preservers (Vaults:1)
  2 very ugly things (IceCv)
  A deep elf annihilator (Elf:2)
  A deep elf demonologist (Vaults:1)
  A spark wasp (Spider:3)
  A red draconian (Volcano)
  2 deep elf death magi
  An ettin (Orc:2)
  2 merfolk javelineers
  10 merfolk impalers
  Harold (D:8)
  A yaktaur captain (Vaults:1)
  2 ogre magi (Orc:2)
  9 hydras
  10 vault guards
  An ice dragon (Vaults:1)
  A rakshasa (D:13)
  2 merfolk avatars
  2 catoblepae
  6 centaur warriors
  6 merfolk aquamancers
  19 two-headed ogres
  3 death yaks (Shoals:2)
  2 alligator snapping turtles
  9 dancing weapons
  2 orc high priests (Orc:1)
  10 deep elf knights
  A sun demon (Lair:6)
  10 skeletal warriors
  17 sea snakes
  2 deep trolls (Orc:2)
  An unseen horror (D:15)
  11 deep elf archers
  A wizard (Lair:6)
  A lindwurm (Orc:2)
  11 harpies
  4 ironbrand convokers (Vaults:1)
  5 orc knights
  56 deep elf magi
  10 orb spiders
  3 fauns
  19 wolf spiders
  3 orc sorcerers
  5 cyclopes
  11 slime creatures
  4 centaur zombies
  22 manticores
  4 black mambas
  27 elephants
  Maurice (D:11)
  3 vault sentinels (Vaults:1)
  3 merfolk sirens (Shoals:4)
  An orange demon (Lair:6)
  4 water nymphs
  5 spiny frogs
  3 gargoyles
  6 ice statues
  5 kobold demonologists
  4 komodo dragons
  7 rime drakes
  9 demonic crawlers
  2 freezing wraiths (D:14)
  6 yaktaurs
  A golden dragon simulacrum (IceCv)
  A hellwing (Lair:6)
  An anaconda simulacrum (IceCv)
  2 ice devils (Lair:6)
  A tengu conjurer (D:10)
  22 trolls
  3 meliai (D:13)
  19 jumping spiders
  A queen bee (D:9)
  18 blink frogs
  A hornet (Spider:3)
  22 merfolk
  10 wind drakes
  8 snapping turtles
  20 hippogriffs
  10 dream sheep
  17 water elementals
  21 redbacks
  3 air elementals (Elf:2)
  A meliai zombie (D:15)
  A vampire (D:14)
  3 shadows
  Sigmund (D:4)
  7 fire bats (Volcano)
  2 fire elementals
  3 wraiths
  4 wyverns
  12 tarantellas
  6 humans (D:14)
  A basilisk (shapeshifter) (D:14)
  43 yaks
  A dire elephant simulacrum (IceCv)
  4 basilisks
  3 steam dragons (Shoals:1)
  2 vampire mosquitoes (D:15)
  7 wargs
  Edmund (D:4)
  4 harpy simulacra (IceCv)
  10 water moccasins
  2 hydra simulacra (IceCv)
  5 hell hounds
  10 porcupines
  9 ice beasts
  30 orc warriors
  6 sky beasts
  An eye of draining (D:9)
  A hornet zombie (D:14)
  2 phantoms
  A black bear (Lair:1)
  31 ogres
  21 centaurs
  15 crocodiles
  6 big kobolds
  18 bullfrogs
  A gnoll sergeant (D:10)
  3 earth elementals
  A wyvern skeleton (D:13)
  4 scorpions
  21 killer bees
  6 wights
  8 howler monkeys
  5 jellies
  3 electric eels (D:13)
  10 crimson imps
  4 lava snakes (Volcano)
  2 quasits
  5 bullfrog zombies
  6 hounds
  18 orc wizards
  2 centaur skeletons
  4 bullfrog skeletons
  13 orc priests
  5 iguanas
  Jessica (D:3)
  13 worker ants
  2 hound skeletons
  6 mummies (Ossuary)
  A worker ant zombie (D:3)
  10 gnolls
  17 adders
  An ooze (D:2)
  4 worms
  4 leopard geckos
  80 orcs
  5 ball pythons
  5 giant cockroaches
  2 gnoll zombies (Ossuary)
  13 goblins
  8 hobgoblins
  8 jackals (D:1)
  20 kobolds
  5 quokkas
  7 bats
  6 frilled lizards
  A hobgoblin zombie (Ossuary)
  A kobold zombie (Ossuary)
  A leopard gecko skeleton (D:5)
  2 orc zombies (Ossuary)
  A quokka skeleton (D:7)
  8 rats
  A plant (Shoals:4)
1225 creatures vanquished.

Vanquished Creatures (collateral kills)
  2 hydras (Lair:6)
  A two-headed ogre (D:8)
  A phantasmal warrior (D:14)
  An ugly thing (D:11)
  A faun (Shoals:2)
  5 deep elf magi
  A centaur skeleton (D:10)
  A komodo dragon (D:11)
  3 red devils (Lair:6)
  A merfolk (Shoals:1)
  2 blink frogs
  3 hippogriffs
  A dream sheep (Lair:6)
  A water elemental (Shoals:4)
  A wyvern (Lair:5)
  3 yaks
  A water moccasin (Lair:6)
  A porcupine (Lair:3)
  2 scorpions
  2 killer bees
  A howler monkey (D:4)
  A centaur zombie (D:10)
  A hound (D:4)
  An orc priest (D:10)
  A bullfrog skeleton (D:4)
  2 worker ants
  A big kobold zombie (Ossuary)
  2 mummies (Ossuary)
  2 gnolls (D:4)
  5 orcs
  A kobold (D:14)
  A kobold zombie (Ossuary)
53 creatures vanquished.

Vanquished Creatures (others)
  Polyphemus (Shoals:2)
  A frost giant (Shoals:4)
  Nessos (Lair:5)
  A deep elf knight (Elf:2)
  2 deep elf archers
  A manticore (Shoals:2)
  A faun (Shoals:2)
  2 cyclopes
  A torpor snail (Lair:4)
  A yaktaur (Vaults:1)
  A merfolk (Shoals:3)
  A redback (Spider:1)
  A human (D:14)
  2 centaurs
  An orc wizard (Orc:2)
  3 orcs
  A kobold (D:13)
  8 fungi
  24 plants
54 creatures vanquished.

Grand Total: 1332 creatures vanquished

Notes
Turn   | Place    | Note
-------+----------+-------------------------------------------
     0 | Abyss:1  | Inarius the Demonspawn Abyssal Knight began the quest for
                  | the Orb.
     0 | Abyss:1  | Reached XP level 1. HP: 18/18 MP: 2/2
    24 | D:1      | Escaped the Abyss
   343 | D:1      | Gained mutation: You are partially covered in thin metallic
                  | scales. (AC +2) [demonic ancestry]
   343 | D:1      | Reached XP level 2. HP: 24/24 MP: 4/4
   707 | D:1      | Reached ** piety under Lugonu
   728 | D:1      | Reached XP level 3. HP: 23/29 MP: 5/5
  1104 | D:2      | Noticed a phantom
  1122 | D:1      | Killed a phantom
  1122 | D:1      | Gained mutation: You have sharp fingernails. [demonic
                  | ancestry]
  1122 | D:1      | Reached XP level 4. HP: 34/36 MP: 6/6
  1656 | D:2      | Gained mutation: A weak demonic guardian rushes to your
                  | aid. [demonic ancestry]
  1656 | D:2      | Reached XP level 5. HP: 37/41 MP: 7/7
  1695 | D:2      | Found a burning altar of Makhleb.
  1858 | D:2      | Reached skill level 1 in Unarmed Combat
  2138 | D:2      | Reached *** piety under Lugonu
  2138 | D:2      | Reached skill level 2 in Unarmed Combat
  3044 | D:3      | Reached skill level 3 in Unarmed Combat
  3110 | D:3      | Reached XP level 6. HP: 29/47 MP: 8/8
  3394 | D:3      | Found a shattered altar of Ashenzari.
  3708 | D:3      | Noticed Jessica
  3716 | D:3      | Killed Jessica
  4376 | D:4      | Reached skill level 4 in Unarmed Combat
  4381 | D:4      | Noticed a hippogriff
  4390 | D:4      | Killed a hippogriff
  4425 | D:3      | Reached skill level 5 in Unarmed Combat
  4425 | D:3      | Reached XP level 7. HP: 15/52 MP: 7/9
  5287 | D:4      | Reached **** piety under Lugonu
  5310 | D:4      | Noticed Edmund
  5334 | D:4      | Killed Edmund
  5334 | D:4      | Reached skill level 6 in Unarmed Combat
  5528 | D:4      | Noticed Sigmund
  5535 | D:4      | Killed Sigmund
  5535 | D:4      | Reached skill level 1 in Dodging
  5629 | D:4      | Gained mutation: You are immune to rotting. [demonic
                  | ancestry]
  5629 | D:4      | Reached XP level 8. HP: 42/60 MP: 10/10
  5839 | D:4      | Found a glowing silver altar of Zin.
  6011 | D:5      | Entered Level 5 of the Dungeon
  6158 | D:5      | Found a snail-covered altar of Cheibriados.
  6390 | D:5      | Reached skill level 1 in Evocations
  6523 | D:5      | Found a sand-covered staircase.
  6556 | Ossuary  | Entered an ossuary
  6601 | Ossuary  | Reached skill level 7 in Unarmed Combat
  7139 | D:5      | Found a blossoming altar of Fedhas.
  7627 | D:6      | Found Yhetyen's Distillery.
  7671 | D:6      | Bought a potion of curing for 42 gold pieces
  7993 | D:6      | Found a sacrificial altar of Ru.
  8004 | D:6      | Reached skill level 8 in Unarmed Combat
  8226 | D:6      | Found a white marble altar of Elyvilon.
  8400 | D:7      | Found a radiant altar of Vehumet.
  8668 | D:7      | Reached XP level 9. HP: 26/65 MP: 11/11
  8920 | D:7      | Found a staircase to the Ecumenical Temple.
  9587 | D:8      | Noticed a two-headed ogre
  9599 | D:8      | Killed a two-headed ogre
  9599 | D:8      | Reached skill level 9 in Unarmed Combat
  9735 | D:8      | Reached skill level 5 in Armour
  9737 | D:8      | Reached ***** piety under Lugonu
 10051 | D:8      | Noticed Ratty's ghost (novice MiMo)
 10052 | D:8      | Found a runed translucent door.
 10070 | D:8      | Noticed a two-headed ogre
 10079 | D:8      | Killed a two-headed ogre
 10079 | D:8      | Reached skill level 10 in Unarmed Combat
 10198 | D:8      | Found an opulent altar of Gozag.
 10261 | D:8      | Found a sparkling altar of Nemelex Xobeh.
 10320 | D:8      | Noticed Harold
 10344 | D:8      | Killed Harold
 10344 | D:8      | Reached skill level 5 in Invocations
 10344 | D:8      | Reached XP level 10. HP: 37/73 MP: 13/13
 11498 | D:9      | Reached skill level 11 in Unarmed Combat
 12274 | D:10     | Entered Level 10 of the Dungeon
 12274 | D:10     | Found a staircase to the Lair.
 12274 | D:10     | Noticed a two-headed ogre
 12283 | D:10     | Killed a two-headed ogre
 13117 | D:10     | Gained mutation: You are mostly covered in thin metallic
                  | scales. (AC +3) [demonic ancestry]
 13117 | D:10     | Reached XP level 11. HP: 78/78 MP: 16/16
 13127 | D:10     | Found a staircase to the Orcish Mines.
 13440 | D:10     | Noticed a two-headed ogre
 13604 | D:10     | Killed a two-headed ogre
 13604 | D:10     | Reached skill level 12 in Unarmed Combat
 13664 | D:10     | Reached skill level 5 in Evocations
 14614 | D:11     | Noticed Maurice
 14639 | D:11     | Paralysed by something for 6 turns
 14664 | D:11     | Killed Maurice
 14758 | D:11     | Noticed a cyan ugly thing
 14763 | D:11     | Killed a cyan ugly thing
 14985 | D:11     | Noticed a white ugly thing
 14986 | D:11     | Noticed a white ugly thing
 15168 | D:11     | Noticed Urug
 15171 | D:11     | Noticed Urug
 15171 | D:11     | Urug changed into Urug the komodo dragon
 15175 | D:11     | Killed Urug the komodo dragon
 15175 | D:11     | Reached skill level 1 in Shields
 15607 | D:11     | Noticed a two-headed ogre
 15616 | D:11     | Killed a two-headed ogre
 15616 | D:11     | Reached skill level 13 in Unarmed Combat
 15723 | Lair:1   | Entered Level 1 of the Lair of Beasts
 16424 | Lair:1   | Noticed an oklob plant
 16558 | Lair:1   | Gained mutation: You have very sharp fingernails. [demonic
                  | ancestry]
 16558 | Lair:1   | Reached XP level 12. HP: 84/84 MP: 17/17
 18099 | Lair:2   | Reached ****** piety under Lugonu
 18099 | Lair:2   | Reached skill level 14 in Unarmed Combat
 19037 | Lair:3   | Noticed a seven-headed hydra
 19040 | Lair:3   | Noticed Zuunur's ghost (journeyman SpEn)
 19045 | Lair:3   | Killed a seven-headed hydra
 19076 | Lair:3   | Found a runed translucent gate.
 19076 | Lair:3   | Found a runed translucent gate.
 19076 | Lair:3   | Noticed a four-headed hydra
 19096 | Lair:3   | Found a runed translucent gate.
 20507 | Lair:3   | Found a blossoming altar of Fedhas.
 20734 | Lair:4   | Noticed a five-headed hydra
 20746 | Lair:4   | Killed a five-headed hydra
 20875 | Lair:4   | Reached skill level 5 in Fighting
 21045 | Lair:4   | Reached skill level 15 in Unarmed Combat
 21187 | Lair:4   | Found a hole to the Spider Nest.
 21326 | Lair:4   | Gained mutation: Your magical and physical power is
                  | slightly enhanced at high health. [demonic ancestry]
 21326 | Lair:4   | Reached XP level 13. HP: 64/91 MP: 18/18
 21923 | Lair:4   | Found a staircase to the Shoals.
 22418 | Lair:5   | Upgraded the game from 0.24-a0-218-ga595e75 to
                  | 0.24-a0-226-gca05e9d
 22487 | Lair:5   | Noticed Nessos
 22492 | Lair:5   | Killed Nessos
 23270 | Lair:5   | Found a staircase to the Slime Pits.
 23578 | Lair:6   | Entered Level 6 of the Lair of Beasts
 24620 | Lair:6   | Reached skill level 16 in Unarmed Combat
 24628 | Lair:6   | Reached skill level 5 in Shields
 25308 | Lair:6   | Reached XP level 14. HP: 63/98 MP: 20/20
 25953 | Lair:6   | Found a burning altar of Makhleb.
 26109 | Lair:6   | Found a gateway to Hell.
 27187 | Orc:1    | Entered Level 1 of the Orcish Mines
 27504 | Orc:1    | Paralysed by an orc sorcerer for 7 turns
 27515 | Orc:1    | Reached skill level 5 in Dodging
 27648 | Orc:1    | Found a dark tunnel.
 27747 | Volcano  | Entered a volcano
 28203 | Volcano  | Reached skill level 17 in Unarmed Combat
 28234 | Volcano  | HP: 2/99 [ogre mage/crystal spear (30)]
 28580 | Volcano  | Found a burning altar of Makhleb.
 28613 | Volcano  | Got a pair of slimy boots
 28624 | Volcano  | Identified the +0 pair of boots of Listlessness {rPois
                  | rCorr Str+2 Stlth-} (You found it in a volcano)
 28641 | Volcano  | Found a radiant altar of Vehumet.
 28816 | D:6      | Bought a potion of heal wounds for 70 gold pieces
 28816 | D:6      | Bought a potion of curing for 42 gold pieces
 28816 | D:6      | Bought a potion of ambrosia for 112 gold pieces
 28914 | Orc:1    | Found a roughly hewn altar of Beogh.
 29429 | Orc:1    | Noticed an orc warlord
 29637 | D:10     | Killed an orc warlord
 29888 | Orc:2    | Entered Level 2 of the Orcish Mines
 30490 | Orc:2    | Noticed an orc warlord
 30524 | Orc:2    | Killed an orc warlord
 31024 | Orc:2    | Found Texzi's Jewellery Shoppe.
 31095 | Orc:2    | Identified the cursed +3 scythe "Oraxit" {freeze, rPois rF-
                  | rN+ SInv}
 31095 | Orc:2    | Noticed an orc warlord
 31101 | Orc:2    | Identified the +2 great mace "Fecyceon" {flame, rElec rF+
                  | SInv Stlth-}
 31124 | Orc:1    | Killed an orc warlord
 31569 | Orc:2    | Noticed an orc warlord
 31911 | Orc:1    | Killed an orc warlord
 31911 | Orc:1    | Reached XP level 15. HP: 101/107 MP: 22/22
 32487 | Orc:2    | Reached skill level 18 in Unarmed Combat
 32544 | Orc:2    | Reached skill level 10 in Invocations
 32714 | Orc:2    | Identified the +2 spear of Tuklam {pierce, rN+ Str+2 Dex+3}
 33004 | Orc:2    | Found a staircase to the Elven Halls.
 33019 | Orc:2    | Found Kezydib's Antique Armour Shoppe.
 33023 | Orc:2    | Found Catueff's Assorted Antiques.
 33024 | Orc:2    | Found Ceimeteubb's Armour Shop.
 33048 | Orc:2    | Bought a scroll of identify for 40 gold pieces
 33051 | Orc:2    | Found Rikuiclo's Food Emporium.
 33277 | Orc:2    | Bought a runed plate armour for 884 gold pieces
 33298 | Orc:2    | Bought a runed plate armour for 884 gold pieces
 33347 | Orc:2    | Bought a runed plate armour for 520 gold pieces
 33769 | D:12     | Found Onocunuo's Armour Emporium.
 33836 | D:12     | Found Baptatej's Antique Armour Shop.
 34030 | D:12     | Found Wogihus's Distillery.
 34033 | D:12     | Found Jangat's Book Shop.
 34072 | D:12     | Bought a potion of resistance for 110 gold pieces
 34072 | D:12     | Bought a potion of heal wounds for 55 gold pieces
 34072 | D:12     | Bought 2 potions of heal wounds for 110 gold pieces
 34072 | D:12     | Bought a potion of haste for 110 gold pieces
 34072 | D:12     | Bought a potion of curing for 33 gold pieces
 34101 | D:12     | Found Nuetant's Island Escapes.
 34401 | D:12     | Found Sippouc's Weapon Boutique.
 34536 | D:12     | Bought a scroll of blinking for 90 gold pieces
 36338 | D:14     | Got a spiked ring mail
 36349 | D:14     | Identified the +1 ring mail of Ywepethe {rN+ MR+ Str+3}
                  | (You found it on level 14 of the Dungeon)
 36700 | D:14     | Gained mutation: You may emit foul miasma when damaged in
                  | melee. [demonic ancestry]
 36700 | D:14     | Reached XP level 16. HP: 83/117 MP: 24/24
 36967 | D:14     | Reached skill level 19 in Unarmed Combat
 37095 | D:14     | Found a gate to the Vaults.
 37120 | D:14     | Got a distressingly furry plate armour
 37131 | D:14     | Identified the +1 plate armour of Dim Light {Str+3 Int+2
                  | SInv} (You found it on level 14 of the Dungeon)
 37168 | D:15     | Entered Level 15 of the Dungeon
 37672 | D:12     | Identified a +9 broad axe of distortion (a +7 broad axe of
                  | chopping corrupted by Lugonu)
 37672 | D:12     | Received a gift from Lugonu
 37898 | D:15     | Found a runed translucent door.
 37898 | D:15     | Found a shimmering altar of Xom.
 37898 | D:15     | Identified the +6 great sword "Eforch" {chaos, Str+7}
 37898 | D:15     | Noticed VLARC's ghost (adept VSMo)
 38501 | D:15     | Found a staircase to the Depths.
 38823 | Spider:1 | Entered Level 1 of the Spider Nest
 43765 | Elf:1    | Entered Level 1 of the Elven Halls
 44212 | Elf:1    | Reached XP level 17. HP: 120/125 MP: 25/25
 44265 | Elf:1    | Reached skill level 20 in Unarmed Combat
 44623 | Elf:1    | Cast into level 2 of the Abyss (deep elf mage)
 44644 | Elf:1    | Escaped the Abyss
 45121 | Elf:1    | Identified a scroll of acquirement
 45125 | Elf:1    | Got a shimmering turquoise ring
 45126 | Elf:1    | Identified the ring "Axziptiz" {AC+3 Str+2 Dex+4 Slay+3}
                  | (You acquired it on level 1 of the Elven Halls)
 45590 | Elf:1    | Identified the Incunabulum of Supportive Attacks
 47024 | Elf:2    | Found a runed translucent gate.
 47035 | Elf:2    | Found a runed translucent gate.
 47041 | Elf:2    | Found a runed translucent gate.
 47352 | Elf:2    | Reached skill level 10 in Fighting
 47751 | Elf:2    | Noticed a deep elf blademaster
 47767 | Elf:2    | Killed a deep elf blademaster
 47964 | Elf:2    | Noticed Asterion
 48372 | Shoals:1 | Entered Level 1 of the Shoals
 48612 | Shoals:1 | Found a frozen archway.
 48690 | IceCv    | Entered an ice cave
 49857 | Shoals:2 | Reached skill level 21 in Unarmed Combat
 49866 | Shoals:2 | Gained mutation: You are completely covered in thin
                  | metallic scales. (AC +4, rElec) [demonic ancestry]
 49866 | Shoals:2 | Reached XP level 18. HP: 115/135 MP: 26/26
 49943 | Shoals:2 | Noticed Polyphemus
 49979 | Shoals:2 | Reached skill level 10 in Evocations
 51073 | Shoals:2 | Killed Polyphemus
 51913 | Shoals:2 | Reached skill level 10 in Armour
 53445 | Shoals:4 | Entered Level 4 of the Shoals
 53462 | Shoals:4 | Reached skill level 10 in Shields
 54613 | Shoals:4 | Got a barnacled rune of Zot
 54952 | Shoals:4 | Identified the Compendium of Flying Envenoming
 55850 | Vaults:1 | Entered Level 1 of the Vaults
 56323 | Vaults:1 | Gained mutation: You have claws for hands. [demonic
                  | ancestry]
 56323 | Vaults:1 | Reached XP level 19. HP: 143/144 MP: 28/28
 56613 | Vaults:1 | Reached skill level 22 in Unarmed Combat
 56917 | Vaults:1 | Noticed a Tzitzimitl
 56923 | Vaults:1 | Shot with an arrow by a deep elf archer

Levels and vault maps discovered:
D:1:      dpeg_arrival_tiny_c, layout_loops_corners
D:2:      layout_basic, marbit_many_paths, minmay_snake_closets
D:3:      layout_basic, nicolae_ashenzari_panopticon, uniq_jessica
D:4:      layout_cave_pools, old_standard_altar, sigmund_edmund_badplayer
D:5:      layout_loops_ring, lemuel_crystal_altar,
          nicolae_overflow_crystal_walls, first_ration,
          nicolae_ossuary_entry_false_entrances
D:6:      layout_basic, serial_shops, nicolae_shop_waterfront, basic_altar,
          nicolae_ru_sacrificial_ziggurat
D:7:      layout_loops_ring, fiery_altar_vehumet,
          minmay_temple_entry_enclosed_plants
D:8:      layout_basic, nemelex_altar_shiori,
          nicolae_gozag_cash_rules_everything_around_me,
          hellmonk_ghost_happy_afterlife, uniq_harold
D:9:      layout_basic, david_nohive_1
D:10:     layout_basic, lair_entry_dummy, erik_orc_3, minmay_the_grid_2x2
          [minmay_the_grid_stretched_grid, minmay_the_grid_paths,
          minmay_the_grid_outer_circle, minmay_the_grid_prize_big_room]
D:11:     layout_roguey, nrook_mini_backslash, uniq_maurice, uniq_urug
D:12:     layout_roguey [special_room_orc], serial_shops, shop,
          nicolae_shop_window_shopping, nicolae_shop_trees, shop,
          kennysheep_little_box, nicolae_island_escapes
D:13:     layout_basic
D:14:     layout_loops_ring, ximxim_vaults_locker_room, minmay_misc_feat_rows
D:15:     grunt_enter_depths_hoard, layout_long_grid, ebering_ghost_xom,
          special_room [special_room_mythical_zoo]
Lair:1:   layout_concentric_octagons, minivault_24, grunt_megastairs_3,
          minmay_lair_oklob_chamber
Lair:2:   layout_hall_layers, grunt_megastairs_5, serial_bayou_shore_b,
          lemuel_fruit_fields
Lair:3:   layout_loops_ring, gammafunk_ghost_split, tgw_fedhas
Lair:4:   layout_roguey, elwin_shoals_entry_rooms,
          nicolae_spider_entry_non_spiders, serial_bayou_shore_b
Lair:5:   layout_long_grid, slime_dummy, uniq_nessos
Lair:6:   evil_forest, layout_regular_city, chequers_serial_rivers_micro_d
Shoals:1: layout_shoals, portal_ice_cave_entry_ice_statue_one,
          nicolae_shoals_drake_roost
Shoals:2: layout_shoals, uniq_polyphemus
Shoals:3: layout_shoals, nicolae_shoals_hunting_party
Shoals:4: shoals_end_grunt_ice, layout_shoals
Spider:1: layout_spider_delve
Spider:2: layout_spider_delve, nicolae_spider_cling_halls
Spider:3: layout_chambers
Orc:1:    layout_caves, basic_altar, enter_volcano_1, elf_legates
Orc:2:    st_orc_open, layout_caves, serial_shops, shop, minmay_orc_treasury
Elf:1:    minmay_elf_arrival_circle, layout_onion_city, minmay_elf_sorcery
Elf:2:    layout_loops_corners, uniq_asterion
Vaults:1: st_cells, v_misc_11, v_misc_17, hangedman_vaults_locks,
          nicolae_vaults_network_star, hangedman_vaults_corner, v_misc_17,
          grunt_vaults_funnel, v_misc_26, vaults_dpeg_encased_lava,
          ontoclasm_vaults_loading_screen, grunt_vaults_hallway_short,
          hangedman_vaults_stretched_pinwheel, vaults_room_door_ring,
          layout_vaults_omnicross, serial_shops, shop
Abyss:1
Abyss:2
Ossuary:  ossuary_tomb_3
IceCv:    ice_cave_statue_garden_chambered
Volcano:  volcano_grotto [vgs_dualism]

Skill      XL: |  1  2  3  4  5  6  7  8  9 10 11 12 13 14 15 16 17 18 19 |
---------------+----------------------------------------------------------+-----
Axes           | 2 3 |  3.2
Armour         | 2 3 4 5 6 7 8 9 10 | 10.3
Invocations    | 3 5 6 7 8 9 10 11 12 | 12.5
Unarmed Combat | 3 5 6 8 10 11 13 15 16 17 18 19 21 22 | 22.1
Dodging        | 1 2 3 4 5 |  5.5
Fighting       | 4 5 6 8 9 10 11 | 11.4
Evocations     | 2 4 5 7 8 9 10 | 10.5
Shields        | 1 3 5 6 7 8 9 10 | 10.5
Stealth        | |  0.1

Action                   |  1- 3 |  4- 6 |  7- 9 | 10-12 | 13-15 | 16-18 | 19-21 || total
-------------------------+-------+-------+-------+-------+-------+-------+-------++-------
Melee: Hand axe          |    82 |   306 |    84 |       |       |       |       ||   472
       Punch             |       |     2 |    11 |    12 |       |       |       ||    25
       Unarmed           |       |       |   304 |   991 |  1562 |  1654 |   118 ||  4629
       Broad axe         |       |       |       |       |       |     7 |       ||     7
Throw: Throwing net      |       |       |       |     3 |       |       |       ||     3
       Javelin           |       |       |       |       |       |     5 |       ||     5
Invok: Bend Space        |       |     1 |       |     3 |     4 |    11 |       ||    19
       Banish            |       |       |       |     1 |     2 |     1 |       ||     4
       Brand Weapon With |       |       |       |       |       |     1 |       ||     1
Evoke: Wand              |       |       |    18 |    28 |    42 |    93 |     1 ||   182
       Phial of floods   |       |       |       |     1 |     1 |     4 |       ||     6
       Phantom mirror    |       |       |       |       |       |     1 |       ||     1
  Use: Potion            |     1 |       |     2 |     5 |     6 |     7 |       ||    21
       Scroll            |       |       |    15 |     7 |     8 |    21 |       ||    51
 Stab: Distracted        |       |       |     2 |     8 |    11 |     5 |     1 ||    27
       Paralysed         |       |       |     8 |     4 |     4 |     8 |       ||    24
       Held in net/web   |       |       |       |     3 |       |       |       ||     3
       Petrifying        |       |       |       |       |       |     1 |       ||     1
       Petrified         |       |       |       |       |       |     1 |       ||     1
  Eat: Chunk             |     1 |    10 |    13 |    28 |    34 |    42 |     3 ||   131
       Ration            |       |       |     2 |     2 |     5 |     6 |       ||    15
Armor: Scale mail        |    65 |   161 |   102 |   363 |   358 |       |       ||  1049
       Skin              |       |       |    22 |    10 |       |       |       ||    32
       Plate armour      |       |       |       |       |   137 |   630 |       ||   767
       Chain mail        |       |       |       |       |    37 |    83 |    21 ||   141
Dodge: Dodged            |    52 |   147 |   149 |   344 |   411 |   329 |    11 ||  1443
Block: Buckler           |       |       |       |   288 |   611 |       |       ||   899
       Reflection        |       |       |       |     1 |    55 |   129 |    15 ||   200
       Shield            |       |       |       |       |   319 |  1378 |    69 ||  1766

Table legend:
 A = Non-vault XP
 B = Vault XP
 C = Vault XP percentage of total XP
 D = Non-vault monster count
 E = Vault monster count
 F = Vault count percentage of total count
                 A         B        C        D         E       F
            +---------+---------+-------+---------+---------+-------
      Total |  266861 |  135654 |  33.7 |     917 |     380 |  29.3
            +---------+---------+-------+---------+---------+-------
        D:1 |     166 |       0 |   0.0 |      27 |       0 |   0.0
        D:2 |      57 |     116 |  67.1 |      25 |      12 |  32.4
        D:3 |     158 |      37 |  19.0 |      27 |       1 |   3.6
        D:4 |     575 |     351 |  37.9 |      23 |       2 |   8.0
        D:5 |     296 |       0 |   0.0 |      12 |       0 |   0.0
        D:6 |     653 |       0 |   0.0 |      18 |       0 |   0.0
        D:7 |     321 |       0 |   0.0 |      17 |       0 |   0.0
        D:8 |    2644 |    1039 |  28.2 |      18 |       1 |   5.3
        D:9 |    1641 |    1086 |  39.8 |      27 |      14 |  34.1
       D:10 |    2786 |    4343 |  60.9 |      30 |      25 |  45.5
       D:11 |    3666 |     805 |  18.0 |      22 |       2 |   8.3
       D:12 |    6069 |    1398 |  18.7 |      32 |      25 |  43.9
       D:13 |    8481 |       0 |   0.0 |      31 |       0 |   0.0
       D:14 |   20301 |    6307 |  23.7 |      67 |      12 |  15.2
       D:15 |    4481 |    4308 |  49.0 |      20 |      12 |  37.5
     Lair:1 |    6282 |     610 |   8.9 |      31 |       3 |   8.8
     Lair:2 |    5543 |    1165 |  17.4 |      22 |       6 |  21.4
     Lair:3 |    3629 |    1427 |  28.2 |      17 |       2 |  10.5
     Lair:4 |    9764 |     880 |   8.3 |      28 |       9 |  24.3
     Lair:5 |    5460 |    1325 |  19.5 |      21 |       2 |   8.7
     Lair:6 |   12142 |   10800 |  47.1 |      43 |      25 |  36.8
   Shoals:1 |    6977 |    2077 |  22.9 |      14 |       8 |  36.4
   Shoals:2 |   23225 |    4578 |  16.5 |      52 |       5 |   8.8
   Shoals:3 |   12739 |    3045 |  19.3 |      23 |       5 |  17.9
   Shoals:4 |    8226 |   22170 |  72.9 |      22 |      32 |  59.3
   Spider:1 |   11328 |       0 |   0.0 |      32 |       0 |   0.0
   Spider:2 |    8468 |       0 |   0.0 |      17 |       0 |   0.0
   Spider:3 |   20437 |       0 |   0.0 |      46 |       0 |   0.0
      Orc:1 |    2675 |   10962 |  80.4 |      27 |      24 |  47.1
      Orc:2 |    1335 |   22371 |  94.4 |      12 |      71 |  85.5
      Elf:1 |   13640 |   10706 |  44.0 |      25 |      17 |  40.5
      Elf:2 |   27945 |    7407 |  21.0 |      47 |       8 |  14.5
   Vaults:1 |   34751 |     923 |   2.6 |      42 |       1 |   2.3
    Ossuary |       0 |     169 | 100.0 |       0 |      16 | 100.0
      IceCv |       0 |    7602 | 100.0 |       0 |      22 | 100.0
    Volcano |       0 |    7647 | 100.0 |       0 |      18 | 100.0
            +---------+---------+-------+---------+---------+-------
